AoeStats
← KG.专业开脑壳

Arena

504226424Analyzed
4v4 RM · 26d ago on Sep 4, 2026· 52m 56s· 8 players
Game mode
Random Map
Map size
Large (8 player)
Population
200
Speed
Normal
Resources
Standard
Victory
Conquest
Starting age
Dark Age
Ending age
Imperial Age
RankedLock teamsTeams togetherTeam positionsShared explorationLock speedFull tech treeHidden civsTurbo modeCheats
Victory
Defeat
🇨🇳 Franks · China
1236
+13
🇨🇳 Persians · China
1235
+13
🇨🇳 Goths · China
1192
+15
🇭🇰 Khmer · Hong Kong SAR China
1183
+16
🇸🇮 Maya · Slovenia
1200
-15
🇫🇷 Byzantines · France
1193
-15
🇦🇷 Burgundians · Argentina
1169
-14
🇲🇽 Italians · Mexico
1144
-13
La.Reina.de.Once
11:29 Feudal Age
14:47 Castle Age
12:49 Double-Bit Axe
15:38 Horse Collar
16:53 Bow Saw
16:58 Horse Collar
17:47 Loom
21:42 Heavy Plow
22:36 Stone Mining
22:38 Gold Mining
25:59 Gold Shaft Mining
26:01 Wheelbarrow
25:11 Town Watch
28:44 Imperial Age
26:05 Loom
27:46 Hand Cart
28:39 Stone Shaft Mining
29:23 Bloodlines
29:14 Husbandry
30:00 Conscription
29:46 Scale Barding Armor
30:16 Crop Rotation
31:18 Double Crossbow
31:53 Chain Barding Armor
32:22 Elite Ballista Elephant
34:08 Plate Barding Armor
33:55 Ballistics
34:36 Chemistry
34:10 Fletching
34:58 Siege Engineers
35:56 Masonry
36:44 Bodkin Arrow
37:41 Hoardings
37:05 Light Cavalry
38:28 Architecture
37:54 Murder Holes
38:09 Fortified Wall
38:01 Bracer
38:31 Forging
38:43 Hussar
40:32 Iron Casting
42:18 Blast Furnace
XHK
10:14 Feudal Age
14:09 Castle Age
15:01 Double-Bit Axe
22:01 Wheelbarrow
25:04 Gold Mining
27:54 Imperial Age
26:27 Hand Cart
26:22 Scale Barding Armor
26:35 Loom
26:35 Town Watch
27:29 Chain Barding Armor
28:07 Forging
28:43 Gold Shaft Mining
27:56 Cavalier
29:11 Husbandry
29:48 Plate Barding Armor
29:49 Iron Casting
29:29 Husbandry
30:03 Conscription
29:42 Paladin
30:25 Chivalry
32:44 Blast Furnace
34:38 Stone Mining
36:14 Chemistry
35:34 Ballistics
35:25 Masonry
35:20 Siege Engineers
35:10 Murder Holes
37:40 Coinage
37:02 Fletching
39:52 Hoardings
41:42 Banking
42:06 Architecture
41:41 Siege Engineers
50:28 Bodkin Arrow
KG.专业开脑壳
8:10 Loom
10:36 Feudal Age
12:44 Loom
15:54 Castle Age
14:23 Double-Bit Axe
14:23 Horse Collar
15:08 Stone Mining
16:48 Bow Saw
21:26 Wheelbarrow
24:27 Hand Cart
24:13 Town Watch
29:57 Imperial Age
29:11 Scale Barding Armor
29:17 Forging
29:38 Husbandry
29:49 Bloodlines
30:42 Town Patrol
31:06 Heavy Plow
31:17 Gold Mining
32:03 Stone Shaft Mining
31:53 Chain Barding Armor
32:44 Iron Casting
34:31 Plate Barding Armor
35:18 Blast Furnace
34:11 Light Cavalry
38:01 Hussar
43:20 Scale Mail Armor
43:10 Pikeman
43:51 Squires
43:36 Arson
44:36 Chain Mail Armor
45:23 Gold Shaft Mining
44:42 Halberdier
45:30 Gambesons
46:19 Crop Rotation
47:02 Plate Mail Armor
47:14 Conscription
47:47 Padded Archer Armor
53:12 Two-Man Saw
菜菜
10:05 Feudal Age
15:44 Castle Age
14:27 Double-Bit Axe
15:07 Horse Collar
19:21 Loom
21:16 Wheelbarrow
21:57 Gold Mining
22:54 Bow Saw
23:54 Heavy Plow
26:30 Hand Cart
30:17 Imperial Age
28:09 Forging
28:11 Pikeman
29:18 Scale Mail Armor
30:05 Iron Casting
29:28 Stone Mining
30:17 Squires
30:21 Anarchy
31:07 Chain Mail Armor
30:23 Halberdier
31:47 Conscription
31:44 Perfusion
31:37 Elite Huskarl
33:40 Two-Man Saw
33:11 Crop Rotation
34:31 Blast Furnace
34:54 Scale Barding Armor
34:40 Fletching
34:50 Padded Archer Armor
36:59 Town Watch
36:46 Man-at-Arms
37:56 Long Swordsman
37:56 Long Swordsman
38:52 Two-Handed Swordsman
40:47 Champion
44:17 Masonry
51:03 Bodkin Arrow
51:24 Leather Archer Armor
51:30 Chain Barding Armor
52:29 Capped Ram
fugatheband0
2:34 Loom
12:16 Feudal Age
17:17 Castle Age
17:17 Double-Bit Axe
17:22 Horse Collar
21:58 Wheelbarrow
27:27 Heavy Plow
27:51 Bow Saw
28:30 Fletching
30:41 Hand Cart
30:16 Town Watch
34:32 Imperial Age
31:26 Pikeman
31:29 Elite Skirmisher
32:24 Masonry
32:18 Squires
32:25 Arson
33:45 Bodkin Arrow
33:51 Padded Archer Armor
34:01 Forging
33:52 Scale Mail Armor
35:10 Fortified Wall
35:32 Pirotechnia
36:27 Chemistry
36:31 Two-Man Saw
35:33 Town Patrol
38:28 Conscription
39:29 Leather Archer Armor
39:15 Bracer
39:51 Iron Casting
41:25 Ring Archer Armor
43:36 Elite Genoese Crossbowman
44:07 Crossbowman
50:58 Blast Furnace
50:41 Crop Rotation
Chostakovix
11:03 Feudal Age
15:12 Castle Age
13:09 Double-Bit Axe
13:27 Horse Collar
13:52 Loom
16:57 Sanctity
20:26 Wheelbarrow
20:39 Fervor
23:10 Heavy Plow
24:19 Gold Mining
27:48 Imperial Age
26:01 Hand Cart
26:01 Bow Saw
26:09 Fortified Wall
27:51 Fletching
28:32 Ballistics
29:00 Bodkin Arrow
29:07 Padded Archer Armor
28:35 Capped Ram
30:45 Block Printing
31:46 Two-Man Saw
30:11 Siege Ram
30:19 Pikeman
30:59 Squires
30:46 Arson
31:46 Illumination
31:38 Forging
31:29 Scale Mail Armor
32:55 Iron Casting
33:31 Chemistry
32:13 Treadmill Crane
32:21 Halberdier
34:25 Chain Mail Armor
40:33 Plate Mail Armor
40:03 Bracer
40:25 Onager
41:42 Bombard Tower
48:11 Crop Rotation
Chaneitor
4:24 Loom
13:36 Feudal Age
12:11 Double-Bit Axe
12:09 Horse Collar
17:51 Castle Age
17:16 Bow Saw
17:07 Heavy Plow
17:44 Wheelbarrow
19:29 Town Watch
20:29 Hand Cart
27:12 Gold Mining
28:31 Two-Man Saw
30:17 Imperial Age
27:54 Town Patrol
27:34 Cavalier
28:15 Husbandry
28:25 Forging
28:21 Scale Barding Armor
29:09 Gold Shaft Mining
28:25 Stone Mining
29:22 Crop Rotation
30:24 Iron Casting
30:14 Chain Barding Armor
29:37 Light Cavalry
30:41 Masonry
31:36 Plate Barding Armor
30:23 Paladin
31:15 Burgundian Vineyards
31:31 Conscription
32:41 Blast Furnace
31:57 Fletching
33:09 Chemistry
32:30 Ballistics
31:52 Hussar
34:05 Bodkin Arrow
34:43 Architecture
38:13 Scale Mail Armor
38:14 Bracer
39:14 Chain Mail Armor
41:40 Onager
42:18 Murder Holes
42:47 Ballistics
49:43 Padded Archer Armor
m00n
0:33 Loom
11:05 Feudal Age
14:58 Castle Age
13:52 Double-Bit Axe
13:49 Horse Collar
15:56 Wheelbarrow
16:13 Bow Saw
30:22 Imperial Age
28:16 Heavy Plow
28:54 Scale Mail Armor
28:45 Fletching
29:44 Gold Mining
29:45 Stone Mining
30:12 Chain Mail Armor
29:59 Padded Archer Armor
30:41 Hand Cart
30:13 Pikeman
30:53 Squires
30:46 Arson
31:24 Ballistics
31:17 Fortified Wall
31:19 Masonry
31:37 Bodkin Arrow
32:40 Crop Rotation
33:57 Chemistry
33:05 Halberdier
35:08 Architecture
35:12 Plate Mail Armor
34:52 Forging
35:41 Stone Shaft Mining
35:22 Guilds
35:49 Heavy Scorpion
Connection lost

Rejoining the realm…

Still unreachable

The connection could not be restored.

Session expired

The server has moved on; the page needs a fresh start.